 Dungeon Sprint DCSS version 0.17.0-23-g0de4337 (webtiles) character file.

709 Iamburgie the Cleaver (level 7, -24/118 HPs)
             Began as a Minotaur Berserker on Nov 14, 2015.
             Was a Priest of Trog.
             Rolled over by a boulder beetle (31 damage)
             ... in the Dungeon (Sprint II: "The Violet Keep of Menkaure").
             The game lasted 00:00:53 (562 turns).

Iamburgie the Cleaver (Minotaur Berserker)           Turns: 562, Time: 00:00:53

Health: -24/118    AC:  2    Str: 27    XL:     7   Next: 40%
Magic:  6/6        EV: 12    Int:  4    God:    Trog [***...]
Gold:   486        SH:  0    Dex: 11    Spells: 0 memorised, 6 levels left

rFire  . . .     SeeInvis .     a - +0 hand axe
rCold  . . .     Clarity  .     b - +0 animal skin
rNeg   . . .     SustAt   .     (no shield)
rPois  .         Gourm    .     (helmet restricted)
rElec  .         Spirit   .     (no cloak)
rCorr  .         Warding  .     (no gloves)
rMut   .         NoTele   +     (no boots)
MR     .....                    (no amulet)
Stlth  ..........               (no ring)
                                (no ring)

@: berserking (expiring), very quick, not resistant to hostile enchantments,
extremely unstealthy
A: retaliatory headbutt, horns 2
a: Berserk, Trog's Hand, Burn Spellbooks, Renounce Religion


You were in the Dungeon.
You worshipped Trog.
Trog was most pleased with you.
You were not hungry.

You visited 1 branch You collected 486 gold pieces.

Inventory:

Hand Weapons
 a - a +0 hand axe (weapon)
Armour
 b - a +0 animal skin (worn)
Scrolls
 i - a scroll of blinking
Potions
 d - a potion of curing
 e - a potion of heal wounds
 f - a potion of haste
 g - 2 potions of magic
 h - a potion of berserk rage
Comestibles
 c - a bread ration


   Skills:
 + Level 13.6 Fighting
 + Level 13.6 Axes
 - Level 2.4 Armour
 - Level 2.1 Dodging


You had 6 spell levels left.
You didn't know any spells.

Dungeon Overview and Level Annotations

Branches:
Dungeon (1/1)

Altars:


Innate Abilities, Weirdness & Mutations

You reflexively headbutt those who attack you in melee.
You have a pair of horns on your head.


Message History

You headbutt the boulder beetle!
The boulder beetle is almost dead.
The boulder beetle bites you!!!
* * * LOW HITPOINT WARNING * * *
You hit the boulder beetle but do no damage.
You headbutt the boulder beetle, but do no damage.
The boulder beetle is almost dead.
You hit the boulder beetle but do no damage.
You headbutt the boulder beetle.
The boulder beetle is almost dead.
You hit the boulder beetle but do no damage.
The boulder beetle is almost dead.
The boulder beetle curls into a ball and starts rolling!
The boulder beetle smashes into the boulder beetle!
The boulder beetle dies!
You hit the boulder beetle but do no damage.
You hit the boulder beetle.
The boulder beetle is lightly wounded.
The boulder beetle smashes into you!
You die...

### # ##.# #+#
.##
#..###.##ยง..#
+.##'.<@B#
#.#.##.##...#
##.###'## .##
####.).## #
#..#..#
##...## ##+##


You could see a boulder beetle.

Vanquished Creatures
  A siren (D)
  4 brain worms (D)
5 creatures vanquished.

Vanquished Creatures (others)
  A boulder beetle (D)
1 creature vanquished.

Grand Total: 6 creatures vanquished

Notes
Turn   | Place    | Note
--------------------------------------------------------------
     0 | D        | Iamburgie the Minotaur Berserker began the quest for the Orb.
     0 | D        | Reached XP level 1. HP: 19/19 MP: 0/0
     1 | D        | Noticed a brain worm
     5 | D        | Killed a brain worm
     5 | D        | Reached skill level 7 in Fighting
     5 | D        | Reached XP level 2. HP: 34/34 MP: 1/1
     5 | D        | Reached XP level 3. HP: 38/39 MP: 2/2
     7 | D        | Noticed a brain worm
     9 | D        | Killed a brain worm
     9 | D        | Reached ** piety under Trog
     9 | D        | Reached skill level 9 in Fighting
     9 | D        | Reached XP level 4. HP: 39/50 MP: 3/3
     9 | D        | Reached XP level 5. HP: 44/57 MP: 4/4
    10 | D        | Noticed a brain worm
    10 | D        | Noticed a brain worm
    13 | D        | Lost intelligence.
    17 | D        | Killed a brain worm
    17 | D        | Reached skill level 10 in Fighting
    17 | D        | Reached skill level 10 in Axes
    21 | D        | Killed a brain worm
    21 | D        | Reached skill level 11 in Fighting
    21 | D        | Reached XP level 6. HP: 23/68 MP: 5/5
   267 | D        | Noticed a siren
   285 | D        | Killed a siren
   285 | D        | Reached *** piety under Trog
   285 | D        | Reached skill level 13 in Fighting
   285 | D        | Reached XP level 7. HP: 18/79 MP: 6/6
   543 | D        | Noticed a boulder beetle
   543 | D        | Noticed a boulder beetle
   560 | D        | Killed a boulder beetle
   562 | D        | Rolled over by a boulder beetle

Action                   |  1- 3 |  4- 6 |  7- 9 || total
-------------------------+-------+-------+-------++-------
Melee: Hand axe          |     4 |    24 |    18 ||    46
Invok: Berserk           |     1 |       |     1 ||     2
